 Dungeon Crawl Stone Soup version 0.18.1-5-g4a78601 (webtiles) character file.

5163 Brrr the Thaumaturge (level 10, -1/54 HPs)
             Began as a Gargoyle Earth Elementalist on May 9, 2016.
             Was a Priest of Vehumet.
             Slain by an orc knight
             ... wielding a +0 war axe
              (11 damage)
             ... in a bailey.
             The game lasted 00:41:08 (14062 turns).

Brrr the Thaumaturge (Gargoyle Earth Elementalist) Turns: 14062, Time: 00:41:09

Health: -1/54      AC: 16    Str: 12    XL:     10   Next: 59%
Magic:  2/32       EV: 12    Int: 24    God:    Vehumet [***...]
Gold:   571        SH:  0    Dex: 10    Spells: 4 memorised, 18 levels left

rFire  . . .     SeeInvis .     t - +2 short sword (elec)
rCold  . . .     Gourm    +     f - +1 robe
rNeg   + . .     Faith    .     (no shield)
rPois  ∞         Spirit   .     C - +2 helmet
rElec  +         Dismiss  .     (no cloak)
rCorr  .         Reflect  .     (no gloves)
SustAt .         Harm     .     k - +2 pair of boots
MR     .....                    p - amulet of the gourmand
Stlth  ++........               (no ring)
                                g - ring of magical power

@: brilliant, not resistant to hostile enchantments, unstealthy
A: negative energy resistance 1, electricity resistance, unbreathing,
petrification resistance, rot immunity, AC +7
a: Renounce Religion


You were in a bailey.
You worshipped Vehumet.
Vehumet was most pleased with you.
You were very full.

You visited 2 branches of the dungeon, and saw 11 of its levels.
You also visited: Sewer and Bailey.

You collected 571 gold pieces.

Inventory:

Hand Weapons
 e - a +2 mace of protection
 t - a +2 short sword of electrocution (weapon)
 x - a +1 flail of protection
 y - a +0 glaive of venom
 F - a cursed -1 morningstar
Missiles
 b - 216 stones (quivered)
Armour
 f - a +1 robe (worn)
 k - a +2 pair of boots (worn)
 C - a +2 helmet (worn)
Jewellery
 g - a ring of magical power (left hand)
 p - an amulet of the gourmand (around neck)
Wands
 q - a wand of enslavement (8/24)
 s - a wand of polymorph (9/24)
 u - a wand of flame (11/48)
 I - a wand of polymorph (13/24)
Scrolls
 j - 2 scrolls of fear
 n - 3 scrolls of recharging
 w - 2 scrolls of remove curse
Potions
 m - 4 potions of curing
 r - a potion of flight
 v - a potion of magic
Books
 c - a book of Geomancy

   Spells                             Type                      Level
   a - Sandblast                      Earth                        1
   b - Passwall                       Transmutation/Earth          2
   c - Stone Arrow                    Conjuration/Earth            3
   d - Petrify                        Transmutation/Earth          4
   e - Lee's Rapid Deconstruction     Earth                        5
 h - an Akashic Record

   Spells                             Type                      Level
   a - Dispersal                      Translocation                6
   b - Malign Gateway                 Summoning/Translocation      7
   c - Disjunction                    Translocation                8
   d - Controlled Blink               Translocation                8
 E - a book of the Sky

   Spells                             Type                      Level
   a - Summon Lightning Spire         Summoning/Air                4
   b - Airstrike                      Air                          4
   c - Silence                        Hexes/Air                    5
   d - Deflect Missiles               Charms/Air                   6
   e - Conjure Ball Lightning         Conjuration/Air              6
   f - Tornado                        Air                          9
Comestibles
 d - 8 bread rations
 i - a beef jerky
 l - 2 meat rations
 o - 8 fruits
 z - a royal jelly
 A - 2 chunks of flesh
 B - a slice of pizza


   Skills:
 + Level 2.7 Fighting
 + Level 2.2 Maces & Flails
 + Level 2.2 Armour
 + Level 2.3 Dodging
 - Level 2.1 Stealth
 * Level 9.6 Spellcasting
 + Level 7.4 Conjurations
   Level 0.7 Transmutations
 * Level 3.1 Fire Magic
 + Level 9.1 Earth Magic


You had 18 spell levels left.
You knew the following spells:

 Your Spells              Type           Power        Failure   Level  Hunger
a - Sandblast             Erth           ######       1%          1    None
b - Stone Arrow           Conj/Erth      ######       1%          3    None
c - Flame Tongue          Conj/Fire      #####        1%          1    None
d - Lee's Rapid Deconstr  Erth           ######....   1%          5    ####...


Dungeon Overview and Level Annotations

Branches:
Dungeon (10/15)            Temple (1/1) D:5
   Lair: D:8-11         Orc: D:9-12

Altars:
Ashenzari
Cheibriados
Dithmenos
Elyvilon
Fedhas
Gozag
Kikubaaqudgha
Makhleb
Nemelex Xobeh
Okawaru
Pakellas
Qazlal
Ru
Sif Muna
Trog
Vehumet
Xom
Yredelemnul
Zin
The Shining One


Innate Abilities, Weirdness & Mutations

You are resistant to torment.
Your stone body is resilient (AC +7).
You are immune to poison.
You resist negative energy.
You are resistant to electric shocks.
You can survive without breathing.
You are immune to petrification.
You are immune to rotting.


Message History

* * * LOW HITPOINT WARNING * * *
A kobold comes into view. It is wielding a short sword of speed.
The kobold shouts!
You hit the orc knight.
The orc knight is heavily wounded.
You hit the orc knight but do no damage.
The orc knight is heavily wounded.
The orc knight hits you but does no damage.
Casting: Stone Arrow
Confirm with . or Enter, or press ? or * to list all spells.
Aiming: Stone Arrow
Press: ? - help, Shift-Dir - straight line, f/p - orc knight
Aim: an orc knight, wielding a war axe and wearing a ring mail (heavily wounded)
The stone arrow hits the orc knight.
The orc knight is severely wounded.
The orc knight misses you.
You hit the orc knight.
The orc knight is severely wounded.
The orc knight hits you with a war axe!
You die...

.†≈.≈..
#'###≈.≈###'#
#....≈.≈....#
#'###≈(≈###'#
#^..(≈K≈.(.^#
#'###≈)≈###'#
#....≈g≈....#
######o######
▓.@)▓ ▓^(^▓
▓.∩.▓ ▓▓▓▓▓
▓)▓ ▓▓▓


You could see an orc knight, a gnoll and a kobold.

Vanquished Creatures
  2 trolls (D:10)
  Grinder (D:4)
  Sigmund (D:4)
  A wyvern (D:9)
  Edmund (D:5)
  A water moccasin (D:6)
  3 sky beasts
  5 orc warriors
  An ice beast (D:7)
  Purgy (Sewer)
  2 phantoms
  4 ogres
  4 centaurs
  3 big kobolds
  3 giant frogs (D:6)
  A wyvern zombie (D:7)
  2 killer bees
  5 scorpions
  4 howler monkeys
  4 crimson imps
  A jelly (D:6)
  3 orc priests
  2 centaur zombies
  5 hounds
  8 orc wizards
  5 iguanas
  6 worker ants
  16 adders
  A river rat (D:4)
  4 shadow imps
  An adder zombie (D:9)
  An adder skeleton (D:9)
  A worm (D:5)
  6 dart slugs
  7 giant geckos
  29 orcs
  3 ball pythons
  10 giant cockroaches
  7 goblins
  12 hobgoblins
  6 jackals
  26 kobolds
  5 quokkas
  15 bats
  7 giant newts
  2 jackal skeletons (D:4)
  2 quokka zombies
  10 rats
250 creatures vanquished.

Notes
Turn   | Place    | Note
--------------------------------------------------------------
     0 | D:1      | Brrr the Gargoyle Earth Elementalist began the quest for the Orb.
     0 | D:1      | Reached XP level 1. HP: 10/10 MP: 3/3
   343 | D:1      | Reached XP level 2. HP: 15/15 MP: 5/5
  1090 | D:1      | Reached XP level 3. HP: 19/19 MP: 7/7
  1095 | D:1      | Learned a level 3 spell: Stone Arrow
  1871 | D:2      | Reached skill level 1 in Conjurations
  2103 | D:2      | Found a snail-covered altar of Cheibriados.
  2104 | D:2      | Found a shattered altar of Ashenzari.
  2214 | D:2      | Reached XP level 4. HP: 17/24 MP: 8/8
  3363 | D:3      | Reached XP level 5. HP: 2/28 MP: 9/11
  4040 | D:4      | Noticed an ogre
  4046 | D:4      | Killed an ogre
  4046 | D:4      | Reached skill level 5 in Earth Magic
  4046 | D:4      | Reached XP level 6. HP: 32/32 MP: 12/12
  4130 | D:4      | Noticed Sigmund
  4138 | D:4      | Killed Sigmund
  4138 | D:4      | Reached skill level 5 in Spellcasting
  4142 | D:4      | Reached XP level 7. HP: 34/36 MP: 14/14
  4491 | D:4      | Found a glowing drain.
  4506 | Sewer    | Entered a sewer
  4934 | Sewer    | Noticed Purgy
  4938 | Sewer    | Killed Purgy
  5548 | D:4      | Noticed Grinder
  5554 | D:4      | Paralysed by Grinder for 2 turns
  5557 | D:4      | Killed Grinder
  5557 | D:4      | Reached XP level 8. HP: 29/41 MP: 7/17
  6299 | D:5      | Entered Level 5 of the Dungeon
  6482 | D:5      | Noticed Edmund
  6499 | D:5      | Gained mutation: You are resistant to hostile enchantments. [potion of mutation]
  6499 | D:5      | Gained mutation: You are robust (+10% HP). [potion of mutation]
  6499 | D:5      | Gained mutation: Your spells are a little easier to cast, but a little less powerful. [potion of mutation]
  6538 | D:5      | Killed Edmund
  6538 | D:5      | Reached skill level 5 in Conjurations
  6812 | D:5      | Found a staircase to the Ecumenical Temple.
  6834 | Temple   | Entered the Ecumenical Temple
  6850 | Temple   | Became a worshipper of Vehumet
  7281 | D:5      | Found a white marble altar of Elyvilon.
  7944 | D:6      | Reached XP level 9. HP: 46/49 MP: 20/20
  8652 | D:6      | Found a sacrificial altar of Ru.
  8679 | D:6      | Reached * piety under Vehumet
  8679 | D:6      | Offered knowledge of Freeze by Vehumet.
 10187 | D:7      | Reached ** piety under Vehumet
 10329 | D:7      | Offered knowledge of Flame Tongue by Vehumet.
 10332 | D:7      | Learned a level 1 spell: Flame Tongue
 10594 | D:7      | Reached skill level 1 in Fire Magic
 10823 | D:7      | Reached skill level 1 in Armour
 10874 | D:7      | Reached skill level 1 in Fighting
 11280 | D:7      | Reached XP level 10. HP: 56/57 MP: 23/23
 11452 | D:7      | Reached skill level 1 in Maces & Flails
 12446 | D:9      | Offered knowledge of Ignite Poison by Vehumet.
 12711 | D:9      | Learned a level 5 spell: Lee's Rapid Deconstruction
 12744 | D:9      | Reached *** piety under Vehumet
 13510 | D:10     | Entered Level 10 of the Dungeon
 13911 | D:10     | Found a flagged portal.
 13923 | Bailey   | Entered a bailey
 14009 | Bailey   | Offered knowledge of Dazzling Spray by Vehumet.
 14038 | Bailey   | Noticed an orc knight
 14057 | Bailey   | Lost mutation: Your spells are a little easier to cast, but a little less powerful. [potion of cure mutation]
 14057 | Bailey   | Lost mutation: You are resistant to hostile enchantments. [potion of cure mutation]
 14057 | Bailey   | Lost mutation: You are robust (+10% HP). [potion of cure mutation]
 14062 | Bailey   | Slain by an orc knight

Skill      XL: |  1  2  3  4  5  6  7  8  9 10 |
---------------+-------------------------------+-----
Earth Magic    | 4 5 6 7 8 9 |  9.1
Spellcasting   | 3 4 5 6 7 9 |  9.6
Conjurations   | 1 2 3 4 5 6 7 |  7.4
Fire Magic     | 1 3 |  3.1
Armour         | 1 2 |  2.2
Fighting       | 1 2 |  2.7
Maces & Flails | 2 |  2.2
Dodging        | 2 |  2.3
Stealth        | |  2.1
Transmutations | |  0.7

Action                   |  1- 3 |  4- 6 |  7- 9 | 10-12 || total
-------------------------+-------+-------+-------+-------++-------
Melee: Mace              |   123 |    86 |       |       ||   209
       Short sword       |       |       |   462 |   173 ||   635
 Cast: Sandblast         |     5 |    23 |    31 |       ||    59
       Stone Arrow       |     1 |     4 |    54 |    51 ||   110
  Use: Scroll            |     4 |     2 |     6 |     7 ||    19
       Potion            |       |       |     6 |     3 ||     9
 Stab: Sleeping          |     3 |       |     3 |     1 ||     7
       Invisible         |       |       |     2 |       ||     2
       Distracted        |       |       |       |     1 ||     1
  Eat: Chunk             |     4 |    13 |    29 |     9 ||    55
Armor: Robe              |    68 |    53 |   258 |   120 ||   499
Dodge: Dodged            |   128 |    81 |   287 |   146 ||   642
